 Dungeon Crawl Stone Soup version 0.30.0-29-ga12c61a403 (webtiles) character file.

Game seed: 4979154253611868350

78 Graphine the Shooter (level 4, -7/34 HPs)
             Began as a Formicid Hunter on June 22, 2023.
             Mangled by a gnoll
             ... wielding a +0 halberd
              (12 damage)
             ... on level 2 of the Dungeon.
             The game lasted 00:02:56 (783 turns).

Graphine the Shooter (Formicid Hunter)               Turns: 783, Time: 00:02:57

Health: -7/34      AC:  4    Str: 16    XL:     4   Next: 61%
Magic:  4/4        EV:  9    Int:  8    God:
Gold:   53         SH:  0    Dex: 19    Spells: 3/3 levels left

rFire   . . .        a - +0 shortbow (chaos)
rCold   . . .        (no shield)
rNeg    . . .        c - +1 leather armour
rPois   .            (helmet unavailable)
rElec   .            (no cloak)
rCorr   .            (no gloves)
SInv    +            (no boots)
Will    .....        (no amulet)
Stlth   ++           (no ring)
HPRegen 0.25/turn    (no ring)
MPRegen 0.09/turn

%: no passive effects
@: constricted
A: permanent stasis, dig shafts and tunnels, antennae 3, four strong arms
a: Dig, Shaft Self


You were on level 2 of the Dungeon.
You visited 1 branch of the dungeon, and saw 2 of its levels.

You collected 53 gold pieces.

Inventory:

Hand Weapons
 a - a +0 shortbow of chaos (weapon)
Armour
 c - a +1 leather armour (worn)
Jewellery
 f - a ring of ice
Scrolls
 b - 2 scrolls of immolation


   Skills:
 + Level 2.8 Fighting
 + Level 4.3 Ranged Weapons
 + Level 1.1 Armour
 - Level 2.0 Dodging
 + Level 2.5 Stealth
 + Level 1.3 Shields
 + Level 0.7 Poison Magic
 + Level 1.3 Invocations


You had 3 spell levels left.
You didn't know any spells.
Your spell library contained the following spells:

 Spells                   Type           Power      Damage    Failure   Level
 Sting                    Tmut/Pois      0%         1d3       43%         1
 Poisonous Vapours        Pois/Air       0%         N/A       56%         2
 Olgreb's Toxic Radiance  Pois           1%         N/A       98%         4


Dungeon Overview and Level Annotations

Branches:
Dungeon (2/15)

Altars:
Makhleb


Innate Abilities, Weirdness & Mutations

You cannot be hasted, slowed, berserked, paralysed or teleported.
You can dig through walls and to a lower floor.
You have a pair of large antennae on your head. (SInv)
Your four strong arms can wield two-handed weapons with a shield.


Message History

The arrow hits the gnoll but does no damage.
The ball python closely misses you. The ball python constricts you.
The endoplasm hits you. The gnoll hits you with a +0 whip.
The ball python bites you but does no damage.
The ball python constricts you.
Fire: a) +0 shortbow (chaos)
Press: ? - help, Q - select action, (/) - cycle Shift-Dir - straight line, f/p - gnoll
Aim: a gnoll, wielding a +0 halberd (68% to hit)
You shoot an arrow.
The arrow hits the gnoll but does no damage.
The gnoll is heavily wounded.
The ball python bites you. The ball python constricts you.
The endoplasm freezes you.
You are frozen.
The gnoll hits you with a +0 whip.
Fire: a) +0 shortbow (chaos)
Press: ? - help, Q - select action, (/) - cycle Shift-Dir - straight line, f/p - gnoll
Aim: a gnoll, wielding a +0 halberd (68% to hit)
You shoot an arrow. The arrow hits the gnoll!
You kill the gnoll!
The ball python bites you.
* * * LOW HITPOINT WARNING * * *
The ball python constricts you.
* * * LOW HITPOINT WARNING * * *
The endoplasm freezes you.
You are frozen.
* * * LOW HITPOINT WARNING * * *
The ball python barely misses you. The ball python constricts you.
* * * LOW HITPOINT WARNING * * *
The gnoll misses you. The endoplasm closely misses you.
You aren't carrying any potions.
You aren't carrying any potions.
As you read the scroll labelled WOOWNA DYMUUFA, it crumbles to dust.
It is a scroll of enchant armour.
Your +0 leather armour glows green for a moment.
The ball python barely misses you. The ball python constricts you.
The endoplasm freezes you.
You are frozen.
* * * LOW HITPOINT WARNING * * *
The gnoll hits you from afar with a +0 halberd!
You die...

.....#...##...........
....#.....#...........
..........#...........
..........#...........
....._....#...........
##............†.......
#..........##....8....
.......[.......8......
#..........###@J....##
#..........# #)S....#
#.......#### .gw......
#.......# .#).......
........# ..#).......
....... .. .........
..... ... .........
... ...$.....


You could see a gnoll, a dart slug, an endoplasm and a ball python.

Vanquished Creatures
  3 gnolls (D:2)
  An adder (D:2)
  3 dart slugs
  2 ball pythons (D:1)
  2 endoplasms (D:1)
  3 giant cockroaches (D:1)
  4 goblins
  3 hobgoblins (D:1)
  2 jackals (D:2)
  A kobold (D:1)
  2 bats (D:1)
  7 rats
33 creatures vanquished.

Notes
Turn   | Place    | Note
-------+----------+-------------------------------------------
     0 | D:1      | Graphine the Formicid Hunter began the quest for the Orb.
     0 | D:1      | Reached XP level 1. HP: 16/16 MP: 1/1
    76 | D:1      | Reached XP level 2. HP: 23/23 MP: 2/2
   312 | D:1      | Reached XP level 3. HP: 28/28 MP: 3/3
   743 | D:2      | Found a burning altar of Makhleb.
   747 | D:2      | Reached skill level 1 in Invocations
   765 | D:2      | Reached skill level 1 in Shields
   776 | D:2      | Reached XP level 4. HP: 34/34 MP: 4/4
   778 | D:2      | Reached skill level 1 in Armour
   783 | D:2      | Mangled by a gnoll

Illustrated notes

Levels and vault maps discovered:
D:1:      dpeg_arrival_prison, layout_loops_ring
D:2:      layout_basic, basic_altar, serial_undead, serial_undead_f,
          serial_undead_b, serial_undead_e, serial_undead_c,
          kennysheep_generic_room_9

Skill      XL: |  1  2  3  4 |
---------------+-------------+-----
Dodging        | 2 |  2.0
Stealth        | 2 |  2.5
Invocations    | 1 |  1.3
Shields        | 1 |  1.3
Armour         | 1 |  1.1
Fighting       | |  2.8
Ranged Weapons | |  4.3
Poison Magic   | |  0.7

Action                     |  1- 3 |  4- 6 || total
---------------------------+-------+-------++-------
   Fire: Shortbow          |    62 |     7 ||    69
Ability: Dig               |     2 |     1 ||     3
    Use: Scroll            |     3 |     1 ||     4
 Armour: Leather armour    |     1 |     1 ||     2
  Dodge: Dodged            |     5 |     7 ||    12
